 Dungeon Crawl Stone Soup version 0.31-a0-662-g684573625c (webtiles) character file.

Game seed: 78689061640995055

53 subawu the Shield-Bearer (level 3, -1/36 HPs)
             Began as a Troll Fighter on Aug 31, 2023.
             Slain by Sigmund
             ... wielding a +1 scythe of flaming
              (9 damage)
             ... on level 2 of the Dungeon.
             The game lasted 00:03:21 (1182 turns).

subawu the Shield-Bearer (Troll Fighter)            Turns: 1182, Time: 00:03:21

Health: -1/36      AC:  4    Str: 24    XL:     3   Next: 64%
Magic:  2/2        EV:  9    Int:  4    God:
Gold:   30         SH:  8    Dex: 11    Spells: 2/2 levels left

rFire   . .          .
                       - Unarmed
rCold   . . .        b - +0 kite shield
rNeg    + . .        a - +0 robe
rPois   .            (helmet restricted)
rElec   .            (no cloak)
rCorr   .            (gloves unavailable)
SInv    .            (boots unavailable)
Will    .....        (no amulet)
Stlth   +            d - ring of positive energy
HPRegen 1.06/turn    (no ring)
MPRegen 0.08/turn

%: no passive effects
@: no status effects
A: large, unfitting armour, claws 3, regeneration 1, shaggy fur 1, tough skin 1
a: no special abilities


You were on level 2 of the Dungeon.
You visited 1 branch of the dungeon, and saw 2 of its levels.

You collected 30 gold pieces.

Inventory:

Missiles
 f - 3 curare-tipped darts
Armour
 a - a +0 robe (worn)
 b - a +0 kite shield (worn)
Jewellery
 d - a ring of positive energy (left claw)
Wands
 m - a wand of polymorph (8)
Scrolls
 g - a scroll of teleportation (quivered) {unknown}
 i - a scroll of torment {unknown}
 j - a scroll of fear {unknown}
 k - a scroll of identify {unknown}
 l - a scroll of brand weapon {unknown}
Potions
 c - a potion of might
 e - a potion of curing {unknown}
 h - a potion of lignification {unknown}


   Skills:
 + Level 2.8 Fighting
 + Level 2.8 Dodging
 + Level 3.1 Shields
 + Level 2.6 Unarmed Combat


You had 2 spell levels left.
You didn't know any spells.
Your spell library contained the following spells:

 Spells                   Type           Power      Damage    Failure   Level
 Frozen Ramparts          Ice            0%         1d1       98%         3
 Petrify                  Tmut/Erth      0%         N/A       100%        4
 Metabolic Englaciation   Hex/Ice        0%         N/A       100%        5


Dungeon Overview and Level Annotations

Branches:
Dungeon (2/15)

Altars:

Annotations:
D:2 Sigmund


Innate Abilities, Weirdness & Mutations

You are too large for most types of armour.
You have claws for hands.
Your natural rate of healing is unusually fast.
You are covered in fur. (AC +1)
You have tough skin. (AC +1)


Message History

You scratch the adder.
The adder is moderately wounded.
The adder bites you but does no damage. You block something's attack.
The adder completely misses you.
You scratch the adder.
The adder is severely wounded.
The adder bites you but does no damage.
You hear some strange, mumbled words.
You are confused.
You claw the adder!
You kill the adder!
Something hits you. Something burns you.
You see here an adder corpse.
You bump into the rock wall.
You hear some strange, mumbled words.
You are more confused.
You bump into the rock wall.
Something hits you! Something burns you. Something hits you but does no damage.
Something hits you. Something burns you.
You see here an adder corpse.
Something hits you. Something burns you.
You bump into the rock wall.
Something completely misses you.
You closely miss something. Something completely misses you.
You're too confused to move!
You feel less confused.
You scratch something but do no damage. Something hits you!
Something burns you.
You miss something. Something hits you!
* * * LOW HITPOINT WARNING * * *
Something burns you.
* * * LOW HITPOINT WARNING * * *
You miss something. You block something's attack.
You closely miss something.
Sigmund appears from thin air!
Reactivating autopickup.
You scratch Sigmund.
Sigmund is lightly wounded.
Sigmund hits you with a +1 scythe of flaming!
You die...
Sigmund begins carving another notch in his scythe.

#..# ... #..# ... #..# #
.... #..# # ..... #..# #
.....# #..#######
......#########..##....#
......@@.......).##....#
.....##.†.#####.###..†.#
### #.#.# #........'
#.#'#########....#
#...........######
#...........# ##
#...........# #.
#...........# #.
#...........#####.


You could see Sigmund.

Vanquished Creatures
  A gnoll (D:1)
  An adder (D:2)
  4 endoplasms
  2 giant cockroaches (D:1)
  3 goblins
  3 hobgoblins
  7 kobolds
  2 quokkas (D:2)
  A ball python (D:2)
  4 bats (D:1)
  A frilled lizard (D:1)
  2 rats
31 creatures vanquished.

Notes
Turn   | Place    | Note
-------+----------+-------------------------------------------
     0 | D:1      | subawu the Troll Fighter began the quest for the Orb.
     0 | D:1      | Reached XP level 1. HP: 22/22 MP: 0/0
   148 | D:1      | Reached XP level 2. HP: 29/29 MP: 1/1
   748 | D:1      | Reached skill level 3 in Shields
   748 | D:1      | Reached XP level 3. HP: 26/36 MP: 2/2
  1158 | D:2      | Noticed Sigmund
  1182 | D:2      | Slain by Sigmund

Illustrated notes

Levels and vault maps discovered:
D:1:      lemuel_arrival_room, layout_basic
D:2:      layout_basic, serial_corexii_hall, corexii_hall_statues_l,
          corexii_hall_statues_i, uniq_sigmund

Skill      XL: |  1  2 |
---------------+-------+-----
Shields        | 3 |  3.1
Fighting       | |  2.8
Dodging        | |  2.8
Unarmed Combat | |  2.6

Action                     || total
---------------------------++-------
  Melee: Unarmed           ||    84
   Stab: Sleeping          ||     1
 Armour: Robe              ||    50
  Dodge: Dodged            ||    26
  Block: Kite shield       ||    37

Table legend: (Time is in decaauts)
 A = Elapsed time spent in this place.
 B = Non-inter-level travel time spent in this place.
 C = Inter-level travel time spent in this place.
 D = Time resting spent in this place.
 E = Time spent auto-exploring this place.
 F = Levels seen in this place.
 G = Mean time per level.
                   A        B        C        D        E       F      G
               +--------+--------+--------+--------+--------+-----+--------+
         Total |   1188 |   1188 |      0 |      0 |    816 |   2 |  594.0 |
       Dungeon |   1188 |   1188 |      0 |      0 |    816 |   2 |  594.0 |
               +--------+--------+--------+--------+--------+-----+--------+

Top non-repeatable levels by time:
     D:1: 867 daAuts
     D:2: 320 daAuts
